 Dungeon Crawl Stone Soup version 0.31-a0-1008-g5b978dac0e (webtiles) character file.

Game seed: 15270318865285538061

(classic levelgen) 8035 Amnesiac the Thaumaturge (level 11, -16/65 HPs)
             Began as a Djinni Conjurer on Nov 12, 2023.
             Was an Elder of Dithmenos.
             Demolished by Graknight's ghost (21 damage)
             ... on level 7 of the Dungeon.
             The game lasted 00:24:18 (7436 turns).

Amnesiac the Thaumaturge (Djinni Conjurer)          Turns: 7436, Time: 00:24:19

Health: -16/65     AC:  6    Str:  6    XL:     11   Next: 48%
Gold:   216        EV: 12    Int: 24    God:    Dithmenos [****..] SH:  0 Dex: 12

rFire   + + +        f - staff of fire
rCold   x . .        (no shield)
rNeg    . . .        K - +0 steam dragon scales
rPois   ∞            (no helmet)
rElec   .            E - +0 cloak
rCorr   .            (no gloves)
SInv    .            (boots unavailable)
Will    ++...        y - amulet of regeneration
Stlth   ++           r - ring of willpower
HPRegen 1.10/turn    B - ring of protection from cold
MPRegen 0.00/turn

%: infuse magic (-17 HP)
@: flying, wreathed by umbra
A: sickness immunity, fire resistance 2, cold vulnerability 2, float, innate
caster, HP casting, extra vitality 1, subdued magic 1, noise suppression
a: Renounce Religion, Shadow Step


You were on level 7 of the Dungeon.
You worshipped Dithmenos.
Dithmenos was greatly pleased with you.
You visited 2 branches of the dungeon, and saw 8 of its levels.
You also visited: Bailey.

You collected 471 gold pieces.
You spent 255 gold pieces at shops.

Inventory:

Hand Weapons
 F - a +1 halberd of venom
Missiles
 H - a curare-tipped dart
Armour
 E - a +0 cloak (worn)
 K - +0 steam dragon scales (worn)
Magical Staves
 f - a staff of fire (weapon)
Jewellery
 r - a ring of willpower (left hand)
 y - an amulet of regeneration (around neck)
 B - a ring of protection from cold (right hand)
Talismans
 D - a dragon-blood talisman
Wands
 j - a wand of quicksilver (4)
 C - a wand of polymorph (3)
Scrolls
 a - a scroll of noise {!r, unknown}
 b - 5 scrolls of enchant armour {!r, unknown}
 c - 3 scrolls of teleportation {!r}
 d - a scroll of immolation {!r, unknown}
 h - a scroll of revelation {!r, unknown}
 i - 2 scrolls of fog {!r, unknown}
 k - 10 scrolls of identify {!r, unknown}
 m - a scroll of vulnerability {!r, unknown}
 o - 3 scrolls of blinking {!r, unknown}
 s - 2 scrolls of brand weapon {!r, unknown}
 u - a scroll of butterflies {!r, unknown}
 x - a scroll of acquirement {!r, unknown}
 z - a scroll of fear {!r, unknown}
 A - a scroll of enchant weapon {!r, unknown}
 J - a scroll of amnesia {!r, unknown}
Potions
 e - 4 potions of curing {!q, unknown}
 g - 2 potions of enlightenment {!q, unknown}
 l - 3 potions of cancellation {!q, unknown}
 n - 2 potions of brilliance {!q, unknown}
 p - 4 potions of might {!q, unknown}
 q - 2 potions of degeneration {!q, unknown}
 t - 4 potions of heal wounds {!q}
 v - a potion of berserk rage {!q, unknown}
 w - 2 potions of lignification {!q, unknown}
 G - 2 potions of invisibility {!q, unknown}
 I - 3 potions of attraction {!q, unknown}


   Skills:
 - Level 2.1 Dodging
 - Level 1.5 Stealth
 + Level 13.2 Spellcasting
 + Level 13.2 Conjurations
 + Level 13.2 Hexes
   Level 0.0 Charms
 + Level 13.2 Summonings
 + Level 13.2 Necromancy
 + Level 13.2 Translocations
 + Level 13.2 Transmutations
 + Level 13.2 Fire Magic
 + Level 13.2 Ice Magic
 + Level 13.2 Air Magic
 + Level 13.2 Earth Magic
 + Level 13.2 Poison Magic


You knew the following spells:

 Your Spells              Type           Power      Damage    Failure   Level
a - Magic Dart            Conj           100%       1d8       0%          1
b - Iskenderun's Mystic   Conj/Tloc      57%        2d12      1%          4
c - Fulminant Prism       Conj/Hex       28%        3d13      1%          4
d - Dazzling Flash        Conj/Hex       100%       N/A       1%          3
e - Searing Ray           Conj           100%       2d8       0%          2
f - Shock                 Conj/Air       100%       1d9       0%          1
g - Scorch                Fire           100%       2d9       0%          2
h - Manifold Assault      Tloc           57%        N/A       1%          4
q - Jinxbite              Hex            100%       N/A       0%          2
w - Summon Forest         Summ/Tloc      28%        N/A       1%          5
Your spell library was empty.

Dungeon Overview and Level Annotations

Branches:
Dungeon (7/15)             Temple (1/1) D:6          Bailey (visited)

Altars:
Cheibriados
Dithmenos
Elyvilon
Fedhas
Gozag
Makhleb
Okawaru
Qazlal
Ru
Trog
Uskayaw
Wu Jian
Xom
Yredelemnul

Shops:
D:1 !   D:6 *   D:7 :

Annotations:
D:7 Graknight's ghost, novice HOFi


Innate Abilities, Weirdness & Mutations

You are immune to sickness and miasma.
You are immune to poison.
Your flesh is very heat resistant. (rF++)
You are very vulnerable to cold. (rC--)
You float through the air rather than walking.
You learn spells naturally, not from books.
Your magical power is your life essence.
You have superior vitality. (+4 MHP)
Your spells are a little easier to cast, but a little less powerful.
You passively dampen the noise of your surroundings.


Message History

The orc warrior is severely wounded.
* * * LOW HITPOINT WARNING * * *
The orc warrior barely misses you.
Casting: Iskenderun's Mystic Blast (safe; 1% risk of failure)
Confirm with . or Enter, or press ? or * to list all spells.
You erupt in a blast of force!
The mystic blast hits the orc warrior.
The orc warrior is lightly wounded.
The orc warrior is knocked back by the mystic blast.
The orc warrior slams into the stone wall!
The mystic blast hits the orc priest!
You kill the orc priest!
Dithmenos accepts your kill.
The mystic blast hits Graknight's ghost but does no damage.
Graknight's ghost is severely damaged.
The mystic blast hits the orc warrior!
You kill the orc warrior!
Dithmenos accepts your kill.
* * * LOW HITPOINT WARNING * * *
Casting: Iskenderun's Mystic Blast (safe; 1% risk of failure)
Confirm with . or Enter, or press ? or * to list all spells.
You erupt in a blast of force!
The mystic blast hits the orc warrior!
The orc warrior is severely wounded.
The orc warrior is knocked back by the mystic blast.
The orc warrior slams into the translucent stone wall!
The orc warrior is almost dead.
The mystic blast hits Graknight's ghost.
Graknight's ghost is severely damaged.
Graknight's ghost is knocked back by the mystic blast.
* * * LOW HITPOINT WARNING * * *
Casting: Iskenderun's Mystic Blast (safe; 1% risk of failure)
Confirm with . or Enter, or press ? or * to list all spells.
You erupt in a blast of force!
The mystic blast hits Graknight's ghost!
Graknight's ghost is severely damaged.
Graknight's ghost is knocked back by the mystic blast.
* * * LOW HITPOINT WARNING * * *
Casting: Iskenderun's Mystic Blast (safe; 1% risk of failure)
Confirm with . or Enter, or press ? or * to list all spells.
You erupt in a blast of force!
The mystic blast hits the orc warrior but does no damage.
The orc warrior is almost dead.
The mystic blast hits Graknight's ghost.
Graknight's ghost is almost destroyed.
Graknight's ghost is knocked back by the mystic blast.
* * * LOW HITPOINT WARNING * * *
Casting: Iskenderun's Mystic Blast (safe; 1% risk of failure)
Confirm with . or Enter, or press ? or * to list all spells.
You erupt in a blast of force!
The mystic blast hits the orc warrior!
You kill the orc warrior!
Dithmenos accepts your kill.
* * * LOW HITPOINT WARNING * * *
Graknight's ghost screams, "I'll kill anyone who wants the ORB!"
Casting: Iskenderun's Mystic Blast (safe; 1% risk of failure)
Confirm with . or Enter, or press ? or * to list all spells.
You erupt in a blast of force!
The mystic blast hits Graknight's ghost but does no damage.
Graknight's ghost is almost destroyed.
* * * LOW HITPOINT WARNING * * *
Casting: Iskenderun's Mystic Blast (safe; 1% risk of failure)
Confirm with . or Enter, or press ? or * to list all spells.
You don't have enough health to cast this spell.
Graknight's ghost attacks as it pursues you!
Graknight's ghost hits you!!
You die...

.)...# #.#.# ####.#
#....# #######8.#.#
#.##.# 8.....#....#
#.##.# ..##..#..#.#
#.##.##..8#..#..#.#
#.....#..##..#..#.#
#.#####....#.#....# #.#
[...#.'..#.# #.#
_.8.#.))W@.# #.#
[...#.)..#.####
#.#####)...#)#.......#
#...[.#..##..#..#.##.#
#####.#..8#..#..#.##.# .#
##.#..##..#..#.##.#
.###.##8.....#..#.##.#
....##########8...##.####
.###.#.##.##............#


You could see Graknight's ghost.

Vanquished Creatures
  The ghost of Xoff the Destroyer, a novice GnCj of Vehumet (D:7)
  A cyclops (D:7)
  A gargoyle (Bailey)
  Maggie (D:7)
  Prince Ribbit (D:5)
  Grinder (D:5)
  A vampire (Bailey)
  Menkaure (D:6)
  2 water moccasins (D:7)
  Duvessa (D:5)
  8 orc warriors
  An ice beast (D:7)
  14 ogres
  A phantom (D:6)
  4 kobold brigands (D:7)
  3 gnoll sergeants
  3 bullfrogs (D:7)
  6 scorpions
  Dowan (D:5)
  5 wights (D:7)
  7 vampire bats (Bailey)
  8 howler monkeys (D:7)
  4 wolf zombies (Bailey)
  9 hounds
  A centaur zombie (D:7)
  Crazy Yiuf (D:3)
  8 orc priests
  2 sleepcaps
  2 jellies
  A gnoll bouda (D:6)
  2 iron imps (D:5)
  An iguana (D:4)
  Terence (D:3)
  6 orc wizards
  Natasha (D:2)
  A howler monkey zombie (D:7)
  13 gnolls
  7 adders
  A white imp (D:6)
  6 ufetubi (D:6)
  3 worms (D:2)
  3 dart slugs
  27 orcs
  10 ball pythons
  8 endoplasms
  7 giant cockroaches
  10 goblins
  5 hobgoblins
  A jackal (D:2)
  3 quokkas (D:1)
  8 bats
  14 kobolds
  24 orc zombies (Bailey)
  9 rats
271 creatures vanquished.

Vanquished Creatures (others)
  38 fulminant prisms
38 creatures vanquished.

Grand Total: 309 creatures vanquished

Notes
Turn   | Place    | Note
-------+----------+-------------------------------------------
     0 | D:1      | Amnesiac the Djinni Conjurer began the quest for the Orb.
     0 | D:1      | Amnesiac set off with the following spells memorised: Magic
                  | Dart, Searing Ray, Dazzling Flash, Fulminant Prism,
                  | Iskenderun's Mystic Blast.
     0 | D:1      | Reached XP level 1. HP: 15/15 MP: 0/0
    91 | D:3      | Reached XP level 2. HP: 17/21 MP: 0/0
    97 | D:4      | Identified the "Wulaf"
   108 | D:3      | Reached XP level 3. HP: 15/25 MP: 0/0
   108 | D:3      | Learned a level 1 spell: Shock
   156 | D:4      | Reached XP level 4. HP: 27/31 MP: 0/0
   238 | D:5      | Entered Level 5 of the Dungeon
   238 | D:5      | Noticed Prince Ribbit
   316 | D:4      | Reached XP level 5. HP: 33/35 MP: 0/0
   316 | D:4      | Learned a level 2 spell: Scorch
   400 | D:5      | Found a burning altar of Makhleb.
   433 | D:5      | Reached skill level 5 in Spellcasting
   433 | D:5      | Reached skill level 5 in Conjurations
   433 | D:5      | Reached skill level 5 in Hexes
   433 | D:5      | Reached skill level 5 in Summonings
   433 | D:5      | Reached skill level 5 in Necromancy
   433 | D:5      | Reached skill level 5 in Translocations
   433 | D:5      | Reached skill level 5 in Transmutations
   433 | D:5      | Reached skill level 5 in Fire Magic
   433 | D:5      | Reached skill level 5 in Ice Magic
   433 | D:5      | Reached skill level 5 in Air Magic
   433 | D:5      | Reached skill level 5 in Earth Magic
   433 | D:5      | Reached skill level 5 in Poison Magic
   544 | D:4      | Found a white marble altar of Elyvilon.
   582 | D:4      | Reached XP level 6. HP: 35/40 MP: 0/0
   933 | D:4      | Noticed an orc warrior
   963 | D:4      | Found a bloodstained altar of Trog.
  1080 | D:5      | Reached XP level 7. HP: 29/45 MP: 0/0
  1080 | D:5      | Learned a level 2 spell: Jinxbite
  1189 | D:5      | Noticed Grinder
  1202 | D:5      | Killed Grinder
  1203 | D:5      | Reached XP level 8. HP: 8/50 MP: 0/0
  1459 | D:5      | Noticed a yak
  1542 | D:5      | Noticed Duvessa
  1542 | D:5      | Noticed Dowan
  1551 | D:5      | Killed Duvessa
  1560 | D:5      | Killed Dowan
  1575 | D:5      | Killed Prince Ribbit
  1870 | D:5      | Reached XP level 9. HP: 44/55 MP: 0/0
  1870 | D:5      | Learned a level 4 spell: Manifold Assault
  2222 | D:6      | Noticed Menkaure
  2233 | D:6      | Killed Menkaure
  2411 | D:6      | Found an ornate altar of the Wu Jian Council.
  2416 | D:6      | Noticed a spectral centipede
  2458 | D:6      | Found a hide-covered altar of Uskayaw.
  2488 | D:6      | Found Lisoa's General Store.
  2686 | D:6      | Found an opulent altar of Gozag.
  2912 | D:6      | Found a staircase to the Ecumenical Temple.
  2921 | Temple   | Entered the Ecumenical Temple
  2932 | Temple   | Became a worshipper of Dithmenos the Shadowed
  3102 | D:1      | Found a faded altar of an unknown god.
  3364 | D:1      | Found Uczeidd's Distillery.
  3373 | D:1      | Bought a potion of heal wounds for 60 gold pieces
  3373 | D:1      | Bought a potion of heal wounds for 60 gold pieces
  3373 | D:1      | Bought a potion of mutation for 96 gold pieces
  3431 | D:1      | Gained mutation: You do not regenerate when monsters are
                  | visible. [potion of mutation]
  3431 | D:1      | Gained mutation: You are strong-willed. (Will+) [potion of
                  | mutation]
  3431 | D:1      | Gained mutation: You are somewhat resistant to further
                  | mutation. [potion of mutation]
  3432 | D:1      | Lost mutation: You do not regenerate when monsters are
                  | visible. [potion of mutation]
  3432 | D:1      | Lost mutation: You are somewhat resistant to further
                  | mutation. [potion of mutation]
  3432 | D:1      | Lost mutation: You are strong-willed. (Will+) [potion of
                  | mutation]
  3432 | D:1      | Gained mutation: Your spells are a little easier to cast,
                  | but a little less powerful. [potion of mutation]
  3432 | D:1      | Gained mutation: Your mind is acute. (Int +4, Str/Dex -1)
                  | [potion of mutation]
  3432 | D:1      | Gained mutation: You have a pair of small antennae on your
                  | head. [potion of mutation]
  3433 | D:1      | Lost mutation: You have a pair of small antennae on your
                  | head. [potion of mutation]
  3433 | D:1      | Lost mutation: Your mind is acute. (Int +4, Str/Dex -1)
                  | [potion of mutation]
  3433 | D:1      | Lost mutation: Your spells are a little easier to cast, but
                  | a little less powerful. [potion of mutation]
  3433 | D:1      | Gained mutation: You have a pair of small horns on your
                  | head. [potion of mutation]
  3433 | D:1      | Gained mutation: You occasionally shout uncontrollably at
                  | your foes. [potion of mutation]
  3433 | D:1      | Gained mutation: You are strong-willed. (Will+) [potion of
                  | mutation]
  3927 | D:2      | Lost mutation: You are strong-willed. (Will+) [potion of
                  | mutation]
  3927 | D:2      | Lost mutation: You occasionally shout uncontrollably at
                  | your foes. [potion of mutation]
  3927 | D:2      | Lost mutation: You have a pair of small horns on your head.
                  | [potion of mutation]
  3927 | D:2      | Gained mutation: Your spells are a little easier to cast,
                  | but a little less powerful. [potion of mutation]
  3927 | D:2      | Gained mutation: You passively dampen the noise of your
                  | surroundings. [potion of mutation]
  3927 | D:2      | Gained mutation: You are very vulnerable to cold. (rC--)
                  | [potion of mutation]
  4022 | D:2      | Reached * piety under Dithmenos
  4077 | D:2      | Noticed Natasha
  4080 | D:2      | Killed Natasha
  4949 | D:3      | Noticed Terence
  4956 | D:3      | Killed Terence
  4981 | D:3      | Found a runed translucent door.
  4982 | D:3      | Noticed Crazy Yiuf
  5148 | D:3      | Killed Crazy Yiuf
  5714 | D:6      | Bought a scroll of teleportation for 39 gold pieces
  5796 | D:7      | Found a flagged portal.
  5808 | Bailey   | Entered a bailey
  5843 | Bailey   | Reached skill level 10 in Spellcasting
  5843 | Bailey   | Reached skill level 10 in Conjurations
  5843 | Bailey   | Reached skill level 10 in Hexes
  5843 | Bailey   | Reached skill level 10 in Summonings
  5843 | Bailey   | Reached skill level 10 in Necromancy
  5843 | Bailey   | Reached skill level 10 in Translocations
  5843 | Bailey   | Reached skill level 10 in Transmutations
  5843 | Bailey   | Reached skill level 10 in Fire Magic
  5843 | Bailey   | Reached skill level 10 in Ice Magic
  5843 | Bailey   | Reached skill level 10 in Air Magic
  5843 | Bailey   | Reached skill level 10 in Earth Magic
  5843 | Bailey   | Reached skill level 10 in Poison Magic
  5909 | Bailey   | Reached ** piety under Dithmenos
  5916 | Bailey   | Reached XP level 10. HP: 44/60 MP: 0/0
  6027 | Bailey   | Noticed a gargoyle
  6035 | Bailey   | Killed a gargoyle
  6064 | Bailey   | Found the crystal ball of Wucad Mu {*channel}
  6252 | D:7      | Found a runed translucent gate.
  6252 | D:7      | Found a runed translucent gate.
  6252 | D:7      | Found a runed translucent gate.
  6252 | D:7      | Noticed Xoff's ghost (novice GnCj)
  6254 | D:7      | Found a basalt altar of Yredelemnul.
  6286 | D:7      | Killed Xoff's ghost
  6369 | D:7      | Found Ywoikait's Book Shop.
  6438 | D:7      | Noticed Maggie
  6440 | D:7      | Reached *** piety under Dithmenos
  6466 | D:7      | Killed Maggie
  6805 | D:7      | Reached XP level 11. HP: 56/65 MP: 0/0
  6805 | D:7      | Learned a level 5 spell: Summon Forest
  6822 | D:7      | Found a runed translucent gate.
  6836 | D:7      | Found a runed translucent gate.
  6837 | D:7      | Found a runed translucent gate.
  6839 | D:7      | Noticed Graknight's ghost (novice HOFi)
  6841 | D:7      | Identified the +2 plate armour of Orosch {Fly rElec}
  7081 | D:7      | Noticed a cyclops
  7110 | D:7      | Reached **** piety under Dithmenos
  7136 | D:7      | Killed a cyclops
  7436 | D:7      | Demolished by Graknight's ghost

Illustrated notes

Levels and vault maps discovered:
D:1:      spicycebolla_arrival_clurvy, layout_loops_cross, serial_shops, shop,
          shapermc_ecumenical_altar_totnotflames, minmay_pentomino_p2
D:2:      layout_loops_ring, minmay_joined_circles, uniq_natasha
D:3:      layout_loops_corners, mainiacjoe_overflow_surrounded_room,
          uniq_terence, uniq_crazy_yiuf_cottage
D:4:      layout_rooms, nzn_overflow_gifts_of_might_and_magic,
          nicolae_elyvilon_peaceful_grove
D:5:      layout_basic, demons_altar, lightli_corner_chamber,
          uniq_prince_ribbit1, uniq_duvessa, uniq_grinder
D:6:      layout_basic, mainiacjoe_overflow_boulevard,
          pdpol_wu_jian_five_deadly_venoms, mainiacjoe_overflow_tiny_flanked,
          minmay_temple_entry_purple_smoke, serial_shops,
          nicolae_shop_tiny_statue_garden, uniq_menkaure
D:7:      lemuel_castle_with_subvaults [lemuel_castle_interior_carwin_1],
          layout_loops_ring, nicolae_yredelemnul_ghost_church, serial_shops,
          shop_fountains, biasface_ghost_orc_armoury, enter_bailey_2,
          st_stairs_7, uniq_maggie
Temple:   hellmonk_temple_forest_ring

Skill      XL: |  1  2  3  4  5  6  7  8  9 10 11 |
---------------+----------------------------------+-----
Spellcasting   | 4 5 6 7 8 10 12 13 | 13.2
Conjurations   | 4 5 6 7 8 10 12 13 | 13.2
Hexes          | 4 5 6 7 8 10 12 13 | 13.2
Summonings     | 4 5 6 7 8 10 12 13 | 13.2
Necromancy     | 4 5 6 7 8 10 12 13 | 13.2
Translocations | 4 5 6 7 8 10 12 13 | 13.2
Transmutations | 4 5 6 7 8 10 12 13 | 13.2
Fire Magic     | 4 5 6 7 8 10 12 13 | 13.2
Ice Magic      | 4 5 6 7 8 10 12 13 | 13.2
Air Magic      | 4 5 6 7 8 10 12 13 | 13.2
Earth Magic    | 4 5 6 7 8 10 12 13 | 13.2
Poison Magic   | 4 5 6 7 8 10 12 13 | 13.2
Dodging        | |  2.1
Stealth        | |  1.5

Action                     |  1- 3 |  4- 6 |  7- 9 | 10-12 || total
---------------------------+-------+-------+-------+-------++-------
  Melee: Hand axe          |       |       |    15 |       ||    15
         Staff             |       |       |     1 |       ||     1
   Cast: Magic Dart        |    19 |    40 |   134 |       ||   193
         Searing Ray       |     2 |     4 |       |       ||     6
         Fulminant Prism   |       |     3 |    13 |    22 ||    38
         Iskenderun's Myst |       |    12 |    79 |   147 ||   238
         Jinxbite          |       |       |     3 |       ||     3
         Scorch            |       |       |     3 |     4 ||     7
         Shock             |       |       |     2 |       ||     2
Ability: Begin Untransform |       |       |       |     1 ||     1
    Use: Potion            |       |       |     4 |       ||     4
 Armour: Robe              |     3 |     3 |    33 |     7 ||    46
         Steam dragon scal |       |       |       |    12 ||    12
  Dodge: Dodged            |     9 |    10 |    39 |    14 ||    72
   Form: Dragon            |       |       |       |     1 ||     1

Table legend: (Time is in decaauts)
 A = Elapsed time spent in this place.
 B = Non-inter-level travel time spent in this place.
 C = Inter-level travel time spent in this place.
 D = Time resting spent in this place.
 E = Time spent auto-exploring this place.
 F = Levels seen in this place.
 G = Mean time per level.
                   A        B        C        D        E       F      G
               +--------+--------+--------+--------+--------+-----+--------+
         Total |   7455 |   7016 |    439 |    973 |   4353 |   9 |  828.3 |
       Dungeon |   7071 |   6643 |    428 |    947 |   4191 |   7 | 1010.1 |
        Temple |     22 |     11 |     11 |      0 |      0 |   1 |   22.0 |
        Bailey |    360 |    360 |      0 |     26 |    162 |   1 |  360.0 |
               +--------+--------+--------+--------+--------+-----+--------+

Top non-repeatable levels by time:
     D:7: 1345 daAuts
     D:5: 1151 daAuts
     D:3: 1120 daAuts
     D:6: 1116 daAuts
     D:4: 837 daAuts
     D:2: 812 daAuts
     D:1: 687 daAuts
  Bailey: 360 daAuts
  Temple: 22 daAuts
